Map: [ESL] Tropical Sacrifice

Players

Rhizer

  • Race: Protoss Protoss
  • Spawn Location: 1:00

Dolan - Winner!

  • Race: Terran Terran
  • Spawn Location: 7:00

Event: DreamHack SC2 Masters 2022 Valencia

VOD

Have the link to the VOD?

Description

Time

  • Played on: July 1, 2022, 2:18 p.m.
  • Length: 12:57

All games in this series

Show
View Real Time Build Order
Export as new Build Order

Rhizer Protoss 

Build Orders: Blink Stalkers 

Get SALT Encoding   

  12  0:00  Probe  
  13  0:12  Probe  
  14  0:18  Pylon  
  14  0:24  Probe (Chrono Boost)  
  15  0:36  Probe (Chrono Boost)  
  15  0:39  Gateway  
  16  0:45  Probe (Chrono Boost)  
  16  0:48  Assimilator  
  17  0:51  Probe  
  18  1:03  Probe  
  19  1:11  Gateway  
  19  1:28  Cybernetics Core  
  19  1:45  Nexus  
  19  1:49  Probe  
  19  2:02  Adept (Chrono Boost)  
  19  2:03  Adept (Chrono Boost)  
  23  2:12  Pylon  
  23  2:14  Warp Gate  
  23  2:24  Assimilator  
  23  2:30  Probe  
  23  2:33  Adept  
  23  2:36  Adept  
  28  2:42  Probe  
  29  2:48  Pylon  
  29  2:54  Probe  
  30  3:02  Probe  
  31  3:09  Probe, Twilight Council  
  32  3:19  Probe (Chrono Boost)  
  33  3:22  Shield Battery  
  33  3:23  Probe (Chrono Boost)  
  34  3:31  Probe (Chrono Boost)  
  35  3:37  Probe (Chrono Boost)  
  35  3:38  Probe (Chrono Boost)  
  37  3:41  Probe (Chrono Boost)  
  37  3:44  Blink (Chrono Boost)  
  37  3:45  Probe  
  39  3:57  Probe  
  39  3:59  Shield Battery  
  40  4:10  Stalker x2  
  44  4:18  Probe x2  
  44  4:22  Gateway  
  44  4:35  Stalker  
  44  4:36  Stalker  
  42  4:38  Probe  
  42  4:41  Probe  
  38  4:53  Probe (Chrono Boost)  
  38  4:54  Probe (Chrono Boost)  
  38  4:59  Stalker x2  
  43  5:04  Probe (Chrono Boost), Robotics Facility  
  43  5:06  Probe (Chrono Boost)  
  45  5:08  Probe (Chrono Boost)  
  45  5:13  Pylon  
  46  5:15  Probe  
  46  5:19  Pylon  
  48  5:24  Stalker  
  48  5:26  Stalker  
  51  5:28  Stalker  
  51  5:30  Probe  
  51  5:32  Probe  
  55  5:38  Assimilator  
  55  5:40  Pylon  
  55  5:42  Probe  
  56  5:45  Probe  
  56  5:48  Warp Prism (Chrono Boost)  
  57  5:55  Probe  
  60  5:57  Probe  
  61  6:07  Probe  
  61  6:09  Dark Shrine  
  61  6:11  Pylon  
  62  6:18  Observer  
  63  6:20  Nexus  
  63  6:24  Probe  
  63  6:25  Probe  
  65  6:33  Assimilator  
  65  6:36  Probe, Robotics Bay  
  66  6:41  Probe  
  66  6:47  Gateway  
  67  6:49  Gateway  
  67  6:59  Probe  
  67  7:04  Stalker x3  
  67  7:06  Probe  
  67  7:08  Charge (Chrono Boost)  
  74  7:12  Observer, Pylon x2  
  74  7:18  Probe  
  74  7:22  Observer, Colossus (Chrono Boost)  
  75  7:25  Probe, Extended Thermal Lance (Chrono Boost)  
  78  7:46  Probe  
  78  7:49  Probe x2  
  78  7:51  Zealot x4  
  82  7:54  Sentry  
  88  7:58  Probe  
  88  8:01  Probe x2  
  88  8:04  Colossus (Chrono Boost)  
  97  8:10  Probe  
  98  8:13  Probe x2  
  100  8:20  Zealot x4  
  100  8:22  Pylon  
  100  8:23  Probe  
  109  8:27  Pylon  
  109  8:31  Pylon  
  109  8:36  Forge  
  109  8:38  Forge  
  109  8:46  Colossus (Chrono Boost)  
  115  8:49  Probe  
  115  8:51  Dark Templar x2  
  115  8:53  Dark Templar  
  122  9:00  Probe x2  
  122  9:01  Assimilator  
  124  9:03  Assimilator  
  124  9:09  Protoss Ground Weapons Level 1 (Chrono Boost), Protoss Ground Armor Level 1 (Chrono Boost)  
  124  9:13  Probe  
  123  9:28  Zealot x3  
  123  9:29  Zealot  
  131  9:36  Phoenix  
  131  9:38  Immortal (Chrono Boost)  
  123  9:41  Nexus  
  123  9:43  Pylon  
  123  9:45  Stalker  
  121  9:49  Zealot  
  121  9:50  Zealot x3  
  125  10:04  Warp Prism (Chrono Boost)  
  125  10:05  Probe  
  128  10:12  Pylon, Gateway  
  128  10:13  Gateway  
  128  10:14  Gateway  
  128  10:19  Dark Templar x2  
  128  10:28  Dark Templar  
  128  10:29  Dark Templar x2  
  128  10:34  Archon x2  
  134  10:36  Probe  
  134  10:39  Templar Archives  
  134  10:41  Observer (Chrono Boost)  
  136  10:45  Probe  
  133  10:50  Pylon  
  129  10:58  Disruptor  
  129  11:00  Probe x2  
  134  11:05  Gateway  
  134  11:06  Dark Templar  
  134  11:07  Dark Templar x2  
  134  11:09  Dark Templar, Gateway  
  142  11:15  Probe x3  
  142  11:17  Shield Battery  
  133  11:33  Probe  
  133  11:34  Disruptor  
  133  11:35  Stalker x4  
  133  11:39  Stalker x2  
  145  11:47  Probe x2  
  145  11:52  Assimilator  
  147  11:55  Assimilator  
  147  11:56  Zealot  
  149  12:07  Stalker x3  
  155  12:11  Stalker x2  
  155  12:15  Stalker  
  161  12:16  Zealot x2  
  161  12:17  Zealot x2  
  135  12:39  Zealot x6  
  135  12:40  Zealot x4  
Show
View Real Time Build Order
Export as new Build Order

Dolan Terran - Winner!

Build Orders:  

Get SALT Encoding   

  12  0:01  SCV  
  13  0:13  SCV  
  14  0:17  Supply Depot  
  14  0:25  SCV  
  15  0:39  SCV  
  15  0:41  Barracks  
  16  0:44  Refinery  
  16  0:51  SCV  
  16  0:54  Refinery  
  18  1:05  Supply Depot  
  18  1:07  SCV  
  18  1:29  Orbital Command, Marine  
  18  1:47  Factory  
  18  1:55  Barracks Reactor  
  18  1:56  SCV  
  20  2:08  SCV  
  20  2:20  SCV  
  21  2:30  Command Center  
  21  2:39  SCV  
  22  2:45  Starport  
  22  2:52  Hellion x2  
  22  2:54  SCV  
  27  3:04  Marine  
  28  3:06  SCV  
  28  3:08  Supply Depot  
  29  3:22  Medivac  
  31  3:30  Hellion x2  
  35  3:39  Barracks Tech Lab  
  35  3:41  Orbital Command, SCV  
  36  3:48  Supply Depot  
  34  4:03  SCV  
  34  4:04  Marine  
  34  4:07  Marine, Cyclone  
  40  4:12  Viking  
  40  4:15  SCV  
  41  4:28  Marine  
  41  4:31  SCV x2  
  35  4:50  Orbital Command  
  35  4:51  Barracks Reactor  
  35  4:52  Siege Tank  
  38  4:53  SCV  
  39  5:03  Command Center  
  39  5:05  SCV  
  40  5:09  Starport Tech Lab  
  40  5:17  SCV  
  40  5:20  SCV  
  42  5:30  SCV  
  42  5:32  SCV, Marine x2  
  46  5:37  Bunker  
  46  5:42  SCV  
  47  5:44  SCV  
  47  5:48  Raven  
  50  5:51  Marine  
  50  5:52  Barracks, Marine  
  50  5:54  Barracks, SCV  
  53  6:03  SCV  
  54  6:06  SCV  
  55  6:12  Marine x2  
  55  6:14  Orbital Command  
  55  6:15  SCV  
  55  6:18  SCV, Siege Tank  
  62  6:28  Engineering Bay  
  62  6:29  SCV  
  62  6:30  SCV  
  62  6:32  Refinery  
  64  6:35  Marine x2  
  66  6:41  SCV  
  66  6:42  Barracks Tech Lab, SCV  
  68  6:48  Starport Reactor  
  68  6:49  SCV  
  68  6:53  SCV  
  70  6:59  Barracks Tech Lab, SCV  
  70  7:00  Marine x2  
  70  7:01  SCV, Stimpack  
  72  7:02  Marine  
  72  7:06  SCV  
  74  7:10  Refinery  
  74  7:15  SCV x2  
  76  7:18  Barracks, SCV  
  76  7:20  Barracks  
  77  7:23  Marine  
  77  7:24  Supply Depot  
  77  7:26  Supply Depot  
  76  7:31  Combat Shield, Marine x3  
  76  7:33  Terran Infantry Weapons Level 1  
  79  7:40  Marine  
  75  7:48  SCV  
  75  7:49  SCV x2, Siege Tank  
  80  7:56  Supply Depot  
  80  7:57  Marine  
  80  7:58  Marine, Marauder x2  
  85  8:03  Supply Depot  
  85  8:05  SCV x3  
  89  8:07  Barracks Tech Lab, Barracks Reactor  
  89  8:17  Marine x2  
  89  8:18  Marine  
  89  8:19  Marine  
  93  8:21  Siege Tank  
  93  8:25  Medivac  
  98  8:30  Orbital Command  
  98  8:33  SCV x2  
  100  8:37  Marine x2, Marauder  
  100  8:38  Marauder x2  
  106  8:45  Concussive Shells  
  106  8:46  Marine x2  
  106  8:47  SCV x2  
  110  8:51  Supply Depot  
  110  8:55  Siege Tank  
  113  9:08  Marauder x2  
  117  9:10  Marine x2  
  117  9:11  Marine  
  117  9:12  Marine  
  117  9:13  Marauder  
  117  9:15  Missile Turret  
  113  9:34  Marine x4, Marauder x2  
  113  9:35  Marauder  
  115  9:43  SCV x2  
  115  9:44  SCV  
  115  9:46  Siege Tank, Medivac x2  
  115  9:52  Marine  
  123  9:55  SCV  
  123  9:56  SCV  
  125  10:07  Supply Depot  
  125  10:09  SCV, Marine x3, Marauder x2  
  125  10:10  Supply Depot  
  133  10:22  Marine  
  133  10:27  Marauder  
  133  10:29  Viking x2  
  133  10:31  SCV x2  
  133  10:32  SCV  
  133  10:34  Refinery  
  133  10:35  Refinery  
  140  10:40  Siege Tank  
  143  10:44  Marauder x2  
  143  10:45  Supply Depot, Marine  
  143  10:48  Marauder  
  139  11:00  Viking  
  139  11:01  Viking, SCV  
  139  11:02  SCV x2  
  146  11:06  Marauder x2  
  146  11:10  Marauder  
  152  11:16  Supply Depot  
  152  11:17  Supply Depot  
  152  11:19  Sensor Tower  
  141  11:50  Viking x2, Ghost Academy, Siege Tank  
  141  11:51  SCV x3  
  151  12:01  Marauder x2  
  155  12:02  Marauder  
  155  12:07  Marine  
  155  12:08  Marine x3  
  128  12:39  Marine x3  

Tags
 
Add a new tag
Caveats
  • Supply blocks, unpowered buildings, or Contaminate may cause inaccurate times.
  • Supply counts are checked every 10 seconds.